Map: Apotheosis LE

Players

Rob

  • Race: Protoss Protoss
  • League: Gold

Burter - Winner!

  • Race: Terran Terran
  • League: Platinum

VOD

Have the link to the VOD?

Description

Time

  • Played on: July 12, 2016, 10:36 p.m.
  • Length: 11:05
Show
View Real Time Build Order
Export as new Build Order

Rob Protoss 

Build Orders: 1 Gate Expand 

Get SALT Encoding   

  12  0:01  Probe (Chrono Boost)  
  13  0:11  Probe (Chrono Boost)  
  14  0:18  Pylon  
  14  0:22  Probe (Chrono Boost)  
  15  0:36  Gateway, Probe (Chrono Boost)  
  16  0:43  Assimilator  
  16  0:47  Probe (Chrono Boost)  
  17  0:57  Probe (Chrono Boost)  
  18  1:08  Probe (Chrono Boost)  
  19  1:18  Probe (Chrono Boost)  
  19  1:23  Cybernetics Core  
  20  1:38  Nexus  
  20  1:46  Pylon  
  20  1:49  Assimilator  
  20  1:51  Probe (Chrono Boost)  
  21  1:56  Warp Gate  
  21  2:03  Probe (Chrono Boost)  
  23  2:16  Robotics Facility, Probe (Chrono Boost)  
  23  2:20  Stalker  
  25  2:31  Probe (Chrono Boost)  
  25  2:42  Pylon  
  26  2:45  Probe (Chrono Boost)  
  26  2:53  Stalker  
  26  2:57  Probe (Chrono Boost)  
  30  2:58  Probe (Chrono Boost)  
  30  3:09  Probe (Chrono Boost)  
  31  3:20  Mothership Core (Chrono Boost)  
  31  3:26  Pylon  
  24  3:30  Gateway  
  17  3:51  Gateway  
  17  3:53  Probe (Chrono Boost)  
  14  4:30  Immortal  
  16  4:57  Pylon  
  9  5:09  Probe (Chrono Boost)  
  11  5:21  Probe (Chrono Boost)  
  11  5:29  Probe (Chrono Boost)  
  12  5:40  Probe (Chrono Boost)  
  13  5:51  Probe (Chrono Boost)  
  14  6:01  Probe (Chrono Boost)  
  14  6:03  Probe (Chrono Boost)  
  16  6:13  Probe (Chrono Boost)  
  17  6:25  Probe (Chrono Boost)  
  18  6:30  Stalker  
  20  6:35  Probe (Chrono Boost)  
  22  6:40  Probe (Chrono Boost)  
  22  6:49  Probe (Chrono Boost)  
  22  6:50  Probe (Chrono Boost)  
  24  7:10  Pylon  
  24  7:24  Probe (Chrono Boost)  
  25  7:37  Probe (Chrono Boost)  
  26  7:38  Probe (Chrono Boost)  
  26  7:39  Zealot x3  
  33  7:47  Probe (Chrono Boost)  
  33  7:48  Probe (Chrono Boost)  
  35  7:59  Probe (Chrono Boost)  
  35  8:03  Twilight Council  
  36  8:11  Assimilator  
  36  8:13  Probe (Chrono Boost)  
  37  8:23  Immortal  
  41  8:45  Stalker x2  
  45  8:51  Probe (Chrono Boost)  
  45  8:52  Probe (Chrono Boost)  
  47  9:01  Probe (Chrono Boost)  
  47  9:02  Probe (Chrono Boost)  
  49  9:12  Probe (Chrono Boost)  
  50  9:17  Robotics Bay  
  50  9:34  Stalker x2  
  50  9:35  Stalker  
  50  9:38  Probe (Chrono Boost)  
  55  9:55  Pylon  
  55  9:57  Pylon  
  55  9:59  Disruptor  
  54  10:20  Stalker x2  
  42  10:29  Stalker  
  44  10:36  Pylon  
  42  10:47  Stalker x2  
Show
View Real Time Build Order
Export as new Build Order

Burter Terran - Winner!

Build Orders: MMM Bio 

Get SALT Encoding   

  12  0:01  SCV  
  13  0:16  Supply Depot  
  13  0:21  Refinery  
  13  0:25  SCV  
  14  0:39  SCV  
  15  0:44  Barracks  
  15  0:58  Barracks  
  15  1:03  SCV  
  16  1:19  Barracks  
  16  1:24  SCV  
  17  1:31  Reaper  
  18  1:48  Reaper  
  18  1:51  Supply Depot  
  19  1:57  Orbital Command  
  19  2:04  Reaper  
  19  2:07  Reaper  
  21  2:20  Reaper  
  22  2:27  SCV  
  23  2:31  Engineering Bay  
  23  2:37  Reaper  
  24  2:48  SCV  
  25  2:57  Command Center  
  25  3:04  Reaper  
  26  3:50  Marine x3  
  27  4:26  Marine x2  
  27  4:28  Orbital Command  
  27  4:30  Missile Turret  
  28  4:33  Missile Turret  
  28  4:34  Barracks Tech Lab  
  28  4:36  Refinery  
  26  5:12  SCV  
  27  5:19  SCV  
  27  5:20  Stimpack  
  28  5:22  Barracks Tech Lab  
  28  5:23  Barracks Reactor  
  28  5:24  Terran Infantry Weapons Level 1, SCV  
  28  5:27  Supply Depot  
  29  5:32  SCV  
  30  5:36  SCV, Marine  
  32  5:45  SCV  
  32  5:46  Command Center  
  32  5:49  Marauder  
  35  5:54  Marauder  
  35  5:56  Barracks  
  37  6:00  Marine x2  
  37  6:03  SCV  
  40  6:07  Refinery  
  40  6:08  SCV  
  40  6:10  Marauder, Refinery  
  43  6:14  Factory  
  43  6:15  SCV  
  43  6:17  Marauder  
  46  6:18  Combat Shields  
  46  6:22  Supply Depot  
  46  6:27  Supply Depot  
  46  6:44  Marine x2  
  46  6:45  Marauder  
  46  6:46  Barracks Tech Lab  
  48  7:03  Marine x2  
  48  7:04  Marauder x2  
  54  7:17  Planetary Fortress  
  52  7:28  Missile Turret, SCV x2  
  54  7:40  SCV  
  54  7:42  SCV  
  54  7:44  Factory Tech Lab  
  56  7:46  Marauder x2  
  60  7:51  Starport  
  60  7:52  SCV  
  60  7:54  SCV x2, Engineering Bay  
  63  8:02  Supply Depot  
  63  8:04  SCV  
  64  8:06  SCV x2  
  64  8:09  Refinery  
  64  8:10  Marine  
  64  8:11  Marauder x2, Marine  
  64  8:12  Marine, Refinery  
  73  8:14  Siege Tank  
  73  8:19  Terran Infantry Armor Level 1  
  76  8:21  Barracks  
  76  8:22  Hi-Sec Auto Tracking  
  76  8:31  Marine  
  76  8:32  Marauder, Marine  
  76  8:34  Medivac, SCV  
  83  8:46  Siege Tank  
  86  8:59  Concussive Shells  
  86  9:00  SCV  
  86  9:01  SCV x2  
  89  9:02  Marine  
  89  9:03  Marine x2  
  92  9:11  Supply Depot  
  92  9:12  Supply Depot  
  92  9:13  Supply Depot  
  92  9:20  Medivac, Marauder x2, Supply Depot, Siege Tank  
  101  9:27  SCV  
  101  9:31  Missile Turret  
  101  9:33  SCV  
  102  9:39  Supply Depot  
  102  9:40  Supply Depot  
  101  9:49  Marine x3  
  101  9:50  Marauder x2  
  108  9:57  Starport Reactor  
  108  9:58  Siege Tank  
  109  10:18  Marine x4  
  109  10:19  Marauder  
  110  10:30  Marine  
  110  10:32  Siege Tank  
  110  10:34  SCV  
  110  10:35  SCV x2  
  117  10:36  Marine x4  
  117  10:40  Marine  
Tags
 
Add a new tag
Caveats
  • Supply blocks, unpowered buildings, or Contaminate may cause inaccurate times.
  • Supply counts are checked every 10 seconds.